 Dungeon Crawl Stone Soup version 0.28.0-49-g6dfe1f597d (webtiles) character file.

Game seed: 8496526961004280064

80 Descartes the Sneak (level 4, -3/27 HPs)
             Began as an Octopode Fire Elementalist on May 18, 2022.
             Slain by Crazy Yiuf
             ... wielding a +2 quarterstaff of chaos
              (10 damage)
             ... on level 2 of the Dungeon.
             The game lasted 00:05:34 (2691 turns).

Descartes the Sneak (Octopode Fire Elementalist)    Turns: 2691, Time: 00:05:35

Health: -3/27      AC:  1    Str:  7    XL:     4   Next: 39%
Magic:  2/7        EV: 13    Int: 19    God:
Gold:   48         SH:  0    Dex: 12    Spells: 5/8 levels left

rFire   . . .      SeeInvis .   g - +1 short sword (elec)
rCold   . . .      Faith    .   (no shield)
rNeg    . . .      Spirit   .   (helmet restricted)
rPois   .          Reflect  .   (no amulet)
rElec   .          Harm     .   (no ring)
rCorr   .          Rampage  .   (no ring)
Will    .....                   (no ring)
Stlth   +++.......              (no ring)
HPRegen 0.09/turn               (no ring)
MPRegen 0.10/turn               (no ring)
                                (no ring)
                                (no ring)

@: lethally poisoned (-3 -> -8), very slightly contaminated
A: almost no armour, amphibious, 8 rings, camouflage 1, gelatinous body 1,
(nimble swimmer 1), tentacles
a: no special abilities


You were on level 2 of the Dungeon.
You visited 1 branch of the dungeon, and saw 2 of its levels.

You collected 48 gold pieces.

Inventory:

Hand Weapons
 g - a +1 short sword of electrocution (weapon)
 i - a +3 hunting sling of freezing
Missiles
 e - 57 stones
Scrolls
 a - 3 scrolls of identify {unknown}
 b - a scroll of magic mapping {unknown}
 h - 2 scrolls of fear {unknown}
 j - a scroll of enchant weapon {unknown}
Potions
 c - 2 potions of heal wounds
 d - a potion of lignification {unknown}
 f - a potion of degeneration {unknown}


   Skills:
 + Level 2.6 Dodging
 + Level 3.8 Stealth
 + Level 2.5 Spellcasting
 + Level 1.9 Conjurations
 + Level 3.4 Fire Magic


You had 5 spell levels left.
You knew the following spells:

 Your Spells              Type           Power      Damage    Failure   Level
a - Foxfire               Conj/Fire      48%        2x1d6     5%          1
b - Scorch                Fire           30%        2d6       6%          2

Your spell library contained the following spells:

 Spells                   Type           Power      Damage    Failure   Level
 Freeze                   Ice            8%         1d3       16%         1
 Conjure Flame            Conj/Fire      12%        6-21      16%         3
 Inner Flame              Hex/Fire       9%         N/A       24%         3
 Frozen Ramparts          Ice            4%         1d2       43%         3
 Flame Wave               Conj/Fire      12%        2d6       45%         4
 Hailstorm                Conj/Ice       6%         3d4       71%         4


Dungeon Overview and Level Annotations

Branches:
Dungeon (2/15)

Altars:

Shops:
D:1 *=*!   D:2 ?

Annotations:
D:2 Crazy Yiuf


Innate Abilities, Weirdness & Mutations

You cannot wear most types of armour.
You are amphibious.
You can wear up to eight rings at the same time.
Your skin changes colour to match your surroundings (Stealth+).
Your rubbery body absorbs attacks. (AC +1, EV +1)
((You are camouflaged when in or above water. (Stealth+)))
You have tentacles for arms and can constrict up to eight enemies at once.


Message History

There is a stone staircase leading up here.
There is a stone staircase leading up here.
Crazy Yiuf whimpers, "Ice!"
Things that are here:
a +1 vorpal flail; a +0 chain mail
There is a stone staircase leading up here.
Crazy Yiuf sings, "Trees, trees, trees, circus!"
There is a stone staircase leading up here.
Things that are here:
a +1 vorpal flail; a +0 chain mail
Casting: Foxfire (safe; 5% risk of failure)
Confirm with . or Enter, or press ? or * to list all spells.
You conjure some foxfire!
Crazy Yiuf hits you with a +2 quarterstaff of chaos.
Crazy Yiuf burns you.
Casting: Foxfire (safe; 5% risk of failure)
Confirm with . or Enter, or press ? or * to list all spells.
You conjure some foxfire!
The foxfire hits Crazy Yiuf.
Crazy Yiuf is lightly wounded.
The foxfire hits Crazy Yiuf.
Crazy Yiuf is moderately wounded.
Crazy Yiuf barely misses you.
Casting: Foxfire (safe; 5% risk of failure)
Confirm with . or Enter, or press ? or * to list all spells.
You miscast Scorch.
You are very lightly contaminated with residual magic.
Nothing appears to happen.
The foxfire hits Crazy Yiuf.
Crazy Yiuf is heavily wounded.
The foxfire hits Crazy Yiuf.
Crazy Yiuf is severely wounded.
Crazy Yiuf hits you with a +2 quarterstaff of chaos.
You are poisoned.
You feel very sick.
You feel sick.
Crazy Yiuf says, "Crazy?
Crazy!?
PORCUPINE!"
Casting: Scorch (safe; 6% risk of failure)
Confirm with . or Enter, or press ? or * to list all spells.
You conjure some foxfire!
You feel sick.
Crazy Yiuf hits you with a +2 quarterstaff of chaos!
You die...

##............#.......####.#..###
#............#.#.#.### #.#..###
#............#.#.#...# #.#.....
#...........##<#.#<#.####.#.....
#...........+..#.#........#.#...
#...........##.#.#.#############
#...........##.#.#.#
#.............v#+#.#
#.............v@g).#### ##
############........#.## ###..)
#...........####.'...
#............#..##...
#........#..#.### ##
#.......####### #.......#
#.......###########
############.................###


You could see Crazy Yiuf (ally target).

Vanquished Creatures
  Terence (D:2)
  An adder (D:2)
  A dart slug (D:1)
  4 ball pythons (D:1)
  6 bats
  6 endoplasms
  3 giant cockroaches (D:2)
  3 goblins
  2 hobgoblins
  2 frilled lizards (D:2)
  5 kobolds (D:1)
  4 rats (D:1)
38 creatures vanquished.

Vanquished Creatures (collateral kills)
  A foxfire (D:2)
1 creature vanquished.

Vanquished Creatures (others)
  160 foxfires
  A plant (D:2)
161 creatures vanquished.

Grand Total: 200 creatures vanquished

Notes
Turn   | Place    | Note
-------+----------+-------------------------------------------
     0 | D:1      | Descartes the Octopode Fire Elementalist began the quest
                  | for the Orb.
     0 | D:1      | Reached XP level 1. HP: 11/11 MP: 3/3
   101 | D:1      | Found Zicw's Distillery.
   287 | D:1      | Reached XP level 2. HP: 17/17 MP: 1/5
   658 | D:1      | Found Keukour's Assorted Antiques.
   856 | D:1      | Reached XP level 3. HP: 21/21 MP: 3/6
   937 | D:1      | Found Olyileu's Jewellery Emporium.
   949 | D:1      | Found Ycetunila's Assorted Antiques.
  1176 | D:2      | Noticed Terence
  1544 | D:2      | Learned a level 2 spell: Scorch
  1617 | D:2      | Found a runed translucent door.
  1618 | D:2      | Noticed Crazy Yiuf
  1645 | D:2      | Found a faded altar of an unknown god.
  1713 | D:2      | Found Oklyroevu's Magic Scroll Boutique.
  2426 | D:2      | Killed Terence
  2427 | D:2      | Reached XP level 4. HP: 9/27 MP: 1/7
  2691 | D:2      | Slain by Crazy Yiuf

Illustrated notes

Levels and vault maps discovered:
D:1:      amcnicky_arrival_blooded_trapdoor, layout_basic, serial_shops, shop,
          nicolae_shop_hallway_stairs, shop, shop
D:2:      minmay_alternating_diamond, layout_basic, serial_shops, shop,
          shapermc_ecumenical_altar_totnotflames, serial_bayou_pond_e,
          uniq_crazy_yiuf_cottage, uniq_terence

Skill      XL: |  1  2 |
---------------+-------+-----
Stealth        | 3 |  3.8
Dodging        | |  2.6
Spellcasting   | |  2.5
Conjurations   | |  1.9
Fire Magic     | |  3.4

Action                   |  1- 3 |  4- 6 || total
-------------------------+-------+-------++-------
Melee: Short sword       |     3 |       ||     3
       Constrict         |     1 |       ||     1
 Cast: Foxfire           |   102 |     3 ||   105
       Scorch            |     3 |       ||     3
Armor: Skin              |     3 |       ||     3
Dodge: Dodged            |    18 |     1 ||    19
